AoeStats
← leorssu

Arena

510426665Analyzed
3v3 RM · 21h ago on Oct 1, 2026· 24m 31s· 6 players
Game mode
Random Map
Map size
Normal (6 player)
Population
200
Speed
Normal
Resources
Standard
Victory
Conquest
Starting age
Dark Age
Ending age
Imperial Age
RankedLock teamsTeams togetherTeam positionsShared explorationLock speedFull tech treeHidden civsTurbo modeCheats
Victory
Defeat
🇦🇷 Franks · Argentina
1061
+5
🇺🇾 Bohemians · Uruguay
932
+9
🇦🇷 Turks · Argentina
881
+11
🇺🇸 Byzantines · United States
821
-10
🇨🇱 Saracens · Chile
759
-8
🇨🇴 Goths · Colombia
728
-7
henry j.waternoose
11:36 Feudal Age
18:24 Castle Age
18:11 Wheelbarrow
17:26 Double-Bit Axe
21:25 Horse Collar
24:05 Bow Saw
PilotExpert9105
14:49 Feudal Age
15:18 Double-Bit Axe
18:58 Fletching
23:40 Castle Age
22:01 Bloodlines
luhigy23
0:35 Loom
13:05 Feudal Age
15:05 Wheelbarrow
18:04 Castle Age
17:33 Double-Bit Axe
17:31 Horse Collar
17:46 Stone Mining
17:46 Gold Mining
19:51 Pikeman
leorssu
9:50 Loom
13:11 Feudal Age
16:53 Castle Age
14:43 Double-Bit Axe
21:23 Imperial Age
21:27 Bow Saw
Anubix
11:46 Feudal Age
16:07 Castle Age
15:35 Double-Bit Axe
21:50 Wheelbarrow
23:20 Redemption
Leandro Magno
7:50 Loom
12:03 Feudal Age
16:09 Castle Age
14:04 Double-Bit Axe
14:17 Gold Mining
17:42 Forging
Connection lost

Rejoining the realm…

Still unreachable

The connection could not be restored.

Session expired

The server has moved on; the page needs a fresh start.